Map: Inside and Out

Players

Nina - Winner!

  • Race: Protoss Protoss
  • Spawn Location: 7:00

Maplez

  • Race: Protoss Protoss
  • Spawn Location: 1:00

Event: DreamHack SC2 Masters 2022 Atlanta (Offline)

VOD

Have the link to the VOD?

Description

Time

  • Played on: Nov. 18, 2022, 10:31 a.m.
  • Length: 5:22

All games in this series

Show
View Real Time Build Order
Export as new Build Order

Nina Protoss - Winner!

Build Orders: Oracle Opening 

Get SALT Encoding   

  12  0:02  Probe  
  13  0:15  Probe  
  13  0:19  Pylon  
  14  0:27  Probe (Chrono Boost)  
  15  0:38  Gateway  
  15  0:39  Probe (Chrono Boost)  
  16  0:47  Probe (Chrono Boost)  
  16  0:48  Assimilator  
  17  0:53  Probe (Chrono Boost)  
  17  0:56  Assimilator  
  18  1:05  Probe (Chrono Boost)  
  18  1:10  Gateway  
  19  1:13  Probe (Chrono Boost)  
  20  1:19  Probe  
  21  1:26  Cybernetics Core  
  21  1:31  Probe  
  22  1:39  Pylon  
  22  1:42  Pylon  
  22  1:46  Probe  
  23  1:58  Probe  
  24  2:02  Stargate  
  24  2:07  Stalker  
  26  2:16  Stalker (Chrono Boost)  
  26  2:22  Warp Gate  
  28  2:31  Probe  
  28  2:33  Pylon  
  29  2:44  Shield Battery, Stalker (Chrono Boost)  
  31  2:51  Stalker (Chrono Boost)  
  33  2:59  Shield Battery  
  33  3:11  Oracle (Chrono Boost)  
  36  3:19  Pylon  
  36  3:25  Nexus  
  36  3:27  Probe  
  37  3:46  Pylon  
  37  3:48  Oracle (Chrono Boost)  
  37  3:54  Twilight Council  
  39  4:12  Stalker  
  41  4:17  Stalker  
  43  4:26  Gateway  
  43  4:29  Shield Battery  
  43  4:35  Gateway  
  43  4:41  Stalker  
  45  5:03  Stalker  
  47  5:07  Zealot  
Show
View Real Time Build Order
Export as new Build Order

Maplez Protoss 

Build Orders:  

Get SALT Encoding   

  12  0:00  Probe  
  13  0:12  Probe  
  14  0:17  Pylon  
  14  0:24  Probe (Chrono Boost)  
  15  0:36  Probe (Chrono Boost)  
  15  0:38  Gateway  
  16  0:45  Probe (Chrono Boost)  
  16  0:48  Assimilator  
  17  0:50  Probe  
  18  0:58  Pylon  
  18  1:03  Probe  
  19  1:15  Probe  
  20  1:19  Gateway  
  20  1:26  Cybernetics Core  
  20  1:34  Zealot  
  20  1:36  Probe  
  23  1:46  Assimilator  
  23  1:49  Probe  
  24  2:03  Stalker (Chrono Boost)  
  24  2:07  Probe  
  29  2:10  Warp Gate  
  29  2:14  Stalker (Chrono Boost)  
  29  2:16  Pylon  
  31  2:31  Pylon  
  31  2:37  Probe  
  32  2:45  Stalker  
  32  2:46  Robotics Facility  
  32  2:50  Probe  
  33  3:02  Probe  
  34  3:05  Gateway  
  34  3:10  Shield Battery  
  32  3:22  Stalker  
  32  3:24  Shield Battery  
  34  3:31  Gateway  
  34  3:42  Warp Prism (Chrono Boost)  
  36  3:52  Pylon  
  36  4:05  Stalker  
  38  4:13  Stalker, Pylon  
  40  4:32  Stalker  
  42  4:40  Stalker  
  44  4:45  Stalker  
  44  4:52  Stalker  
  48  5:03  Stalker  
Tags
 
Add a new tag
Caveats
  • Supply blocks, unpowered buildings, or Contaminate may cause inaccurate times.
  • Supply counts are checked every 10 seconds.